 Dungeon Crawl Stone Soup version 0.30-b1-2-g02819fbbbe (webtiles) character file.

Game seed: 5078089115858272513

2781 LLlMATKO the Cleaver (level 9, -4/82 HPs)
             Began as a Minotaur Berserker on May 6, 2023.
             Was an Elder of Trog.
             Killed from afar by an acid dragon (9 damage)
             ... with a splash of acid
             ... on level 7 of the Dungeon.
             The game lasted 00:07:17 (7124 turns).

LLlMATKO the Cleaver (Minotaur Berserker)           Turns: 7124, Time: 00:07:18

Health: -4/82      AC: 13    Str: 24    XL:     9   Next: 43%
Magic:  8/8        EV: 11    Int:  4    God:    Trog [****..]
Gold:   248        SH:  5    Dex: 12    Spells: 8/8 levels left

rFire   . . .        w - +0 war axe
rCold   . . .        (no shield)
rNeg    . . .        g - +0 chain mail
rPois   .            (helmet restricted)
rElec   .            (no cloak)
rCorr   .            r - +0 pair of gloves
SInv    .            D - +0 pair of boots
Will    .....        t - amulet of reflection Stlth
                     (no ring)
HPRegen 0.33/turn    (no ring)
MPRegen 0.11/turn

%: reflection
@: on berserk cooldown, slowed, very slow
A: horns 2, retaliatory headbutt
a: Renounce Religion, Berserk, Trog's Hand, Brothers in Arms


You were on level 7 of the Dungeon.
You worshipped Trog.
Trog was greatly pleased with you.
You visited 1 branch of the dungeon, and saw 7 of its levels.

You collected 248 gold pieces.

Inventory:

Hand Weapons
 w - a +0 war axe (weapon)
 I - a +2 sling of freezing
Missiles
 d - 2 atropa-tipped darts
 m - 2 poisoned darts (quivered)
 x - 2 throwing nets
 F - 6 javelins
 G - 6 boomerangs
Armour
 g - a +0 chain mail (worn)
 r - a +0 pair of gloves (worn)
 D - a +0 pair of boots (worn)
Jewellery
 t - an amulet of reflection (around neck)
Wands
 v - a wand of iceblast (4)
 A - a wand of acid (6)
 C - a wand of digging (7)
Scrolls
 c - 2 scrolls of poison {unknown}
 e - 2 scrolls of identify {unknown}
 i - 2 scrolls of enchant weapon {unknown}
 j - 4 scrolls of teleportation {unknown}
 k - a scroll of immolation {unknown}
 n - 3 scrolls of vulnerability {unknown}
 s - 2 scrolls of fog {unknown}
 y - a scroll of amnesia {unknown}
 z - 2 scrolls of fear {unknown}
Potions
 a - a potion of resistance {unknown}
 b - a potion of magic {unknown}
 f - a potion of berserk rage {unknown}
 h - 2 potions of invisibility {unknown}
 l - 2 potions of heal wounds {unknown}
 o - a potion of attraction {unknown}
 p - 4 potions of mutation {unknown}
 q - 4 potions of curing {unknown}
 u - a potion of flight {unknown}
 B - a potion of ambrosia {unknown}
 E - a potion of brilliance {unknown}
 H - a potion of might {unknown}


   Skills:
 + Level 8.6 Fighting
 + Level 8.6 Axes
 + Level 8.1 Armour
 + Level 7.5 Dodging


You had 8 spell levels left.
You didn't know any spells.
Your spell library was empty.

Dungeon Overview and Level Annotations

Branches:
Dungeon (7/15)             Temple (0/1) D:6

Altars:
Cheibriados
Qazlal
Trog
Yredelemnul


Innate Abilities, Weirdness & Mutations

You have a pair of horns on your head.
You reflexively headbutt those who attack you in melee.


Message History

You barely miss Joseph.
Joseph is lightly wounded.
You feel sick. Joseph hits you with a +0 quarterstaff.
You slash Joseph!
Joseph is moderately wounded.
You slash Joseph! You headbutt Joseph.
Joseph is heavily wounded.
You feel sick.
You are no longer poisoned.
Joseph hits you with a +0 quarterstaff!
You completely miss Joseph. Your headbutt misses Joseph.
Joseph is heavily wounded.
Joseph hits you with a +0 quarterstaff!
You hit Joseph. You headbutt Joseph!
Joseph is severely wounded.
Joseph closely misses you. You furiously retaliate!
You headbutt Joseph! You slash Joseph!
You kill Joseph!
Trog accepts your kill.
Your Armour skill increases to level 8!
Items here: )) [ †.
I - a +2 sling of freezing You feel a strong urge to attack something.
You are no longer berserk.
You are exhausted.
You feel yourself slow down.
An acid dragon comes into view.
The acid dragon roars!
The acid dragon spits acid at you. The splash of acid hits you!!
* * * LOW HITPOINT WARNING * * *
You see here a poisoned dart.
There is a stone staircase leading up, spattered with blood here.
You slice the acid dragon!!
You headbutt the acid dragon, but do no damage.
The acid dragon is severely wounded.
The acid dragon barely misses you. x2
The acid dragon spits acid at you. The splash of acid hits you!
You die...

#.... .# ..#
##....####.##.(#
................
........†....... .
........†....).. #(.
##...###...####
#...########)..####.
....................
(....(.@.(....>.....
......D.............
##.....#########.###
##.....#### ##
##.....###.
............
...........$.
...._.........


You could see an acid dragon (catching breath).

Vanquished Creatures
  Joseph (D:7)
  2 black bears (D:6)
  An orc warrior (D:6)
  A sky beast (D:4)
  2 ogres
  A centaur (D:5)
  A bullfrog (D:6)
  3 scorpions
  12 killer bees
  A howler monkey (D:6)
  2 jellies
  4 orc priests
  A gnoll bouda (D:5)
  3 hounds
  2 sleepcaps (D:6)
  6 iguanas
  6 orc wizards
  20 gnolls
  An adder (D:2)
  A white imp (D:6)
  An ufetubus (D:4)
  2 worms
  2 dart slugs
  21 orcs
  9 ball pythons
  7 bats
  8 endoplasms
  2 giant cockroaches
  8 goblins
  8 hobgoblins
  13 jackals
  8 kobolds
  8 quokkas
  8 frilled lizards
  5 rats
181 creatures vanquished.

Notes
Turn   | Place    | Note
-------+----------+-------------------------------------------
     0 | D:1      | LLlMATKO the Minotaur Berserker began the quest for the
                  | Orb.
     0 | D:1      | Reached XP level 1. HP: 19/19 MP: 0/0
   191 | D:1      | Reached XP level 2. HP: 24/27 MP: 1/1
   606 | D:1      | Reached ** piety under Trog
   607 | D:1      | Reached XP level 3. HP: 33/33 MP: 2/2
  1358 | D:3      | Reached XP level 4. HP: 20/41 MP: 3/3
  1482 | D:3      | Found a bloodstained altar of Trog.
  1709 | D:3      | Reached XP level 5. HP: 47/47 MP: 4/4
  2481 | D:4      | Reached *** piety under Trog
  2499 | D:4      | Reached skill level 5 in Fighting
  2499 | D:4      | Reached skill level 5 in Axes
  2519 | D:4      | Reached XP level 6. HP: 37/56 MP: 5/5
  2850 | D:4      | Found a stormy altar of Qazlal.
  2850 | D:4      | Noticed a sky beast
  2857 | D:4      | Killed a sky beast
  3355 | D:4      | Reached XP level 7. HP: 62/62 MP: 6/6
  3431 | D:5      | Entered Level 5 of the Dungeon
  3466 | D:5      | Reached skill level 5 in Armour
  3477 | D:5      | Reached skill level 5 in Dodging
  3991 | D:5      | Reached XP level 8. HP: 70/71 MP: 7/7
  3993 | D:5      | Reached **** piety under Trog
  4216 | D:5      | Found a basalt altar of Yredelemnul.
  5927 | D:6      | Found a staircase to the Ecumenical Temple.
  6157 | D:7      | Noticed Joseph
  6157 | D:7      | Found a snail-covered altar of Cheibriados.
  6309 | D:6      | Reached XP level 9. HP: 81/81 MP: 8/8
  7115 | D:7      | Killed Joseph
  7121 | D:7      | HP: 3/82 [acid dragon/splash of acid (32)]
  7124 | D:7      | Killed from afar by an acid dragon

Illustrated notes

Levels and vault maps discovered:
D:1:      amcnicky_arrival_wind_blow, layout_loops_ring, minmay_door_square
D:2:      layout_rooms
D:3:      layout_basic, trog_three_pillars_becter, moated_statue, st_stairs_5,
          amcnicky_mini_pool_small
D:4:      layout_loops_ring, nicolae_qazlal_beasts_of_the_sky,
          grunt_ministairs_15, hangedman_abyss_or_decor_stagger
D:5:      layout_basic, mainiacjoe_overflow_alcove_2, kennysheep_generic_room_13
D:6:      layout_loops_corners, minmay_temple_entry_stoned_glass,
          nicolae_eternal_life
D:7:      layout_gridville, slow_altar_1, uniq_joseph

Skill      XL: |  1  2  3  4  5  6  7  8  9 |
---------------+----------------------------+-----
Axes           | 4 5 6 8 |  8.6
Fighting       | 4 5 6 7 8 |  8.6
Armour         | 3 4 5 7 8 |  8.1
Dodging        | 3 4 5 6 7 |  7.5

Action                     |  1- 3 |  4- 6 |  7- 9 || total
---------------------------+-------+-------+-------++-------
  Melee: Hand axe          |   115 |    18 |       ||   133
         Headbutt          |    14 |    17 |    28 ||    59
         War axe           |       |   105 |   217 ||   322
         Punch             |       |     1 |     3 ||     4
  Throw: Dart              |       |       |    39 ||    39
 Invoke: Berserk           |     1 |     4 |     7 ||    12
   Stab: Sleeping          |     1 |       |       ||     1
         Invisible         |       |       |     1 ||     1
 Armour: Chain mail        |    38 |    68 |   140 ||   246
  Dodge: Dodged            |    55 |    61 |   126 ||   242
  Block: Other             |     2 |    31 |    66 ||    99
         Reflection        |       |     1 |     4 ||     5
